 Dungeon Crawl Stone Soup version 0.23.2-40-g277498a001 (webtiles) character file.

Game seed: 16714025002534478614

1829 MisterOstroum the Skirmisher (level 9, -2/94 HPs)
             Began as an Ogre Conjurer on Aug 27, 2019.
             Was a Follower of Vehumet.
             Slain by a yak (17 damage)
             ... on level 7 of the Dungeon on Aug 28, 2019.
             The game lasted 00:45:00 (9474 turns).

MisterOstroum the Skirmisher (Ogre Conjurer)        Turns: 9474, Time: 00:45:01

Health: -2/94      AC:  3    Str: 16    XL:     9   Next: 11%
Magic:  9/15       EV: 11    Int: 19    God:    Vehumet [*.....]
Gold:   214        SH:  0    Dex:  9    Spells: 8/16 levels left

rFire    . . .     SeeInvis .   i - +2 short sword (elec)
rCold    . . .     Gourm    .   (no shield)
rNeg     . . .     Faith    .   a - +0 robe
rPois    .         Spirit   .   (helmet restricted)
rElec    .         Reflect  .   (no cloak)
rCorr    .         Harm     .   (gloves unavailable)
MR       .....                  (boots unavailable)
Stlth    +.........             (no amulet)
HPRegen  0.25/turn              g - ring of flight
MPRegen  0.14/turn              D - +2 ring of strength

@: no status effects
A: large, unfitting armour, tough skin 1
a: Renounce Religion, Evoke Flight


You were on level 7 of the Dungeon.
You worshipped Vehumet.
Vehumet was aware of your devotion.
You were not hungry.

You visited 2 branches of the dungeon, and saw 8 of its levels.

You collected 331 gold pieces.
You spent 117 gold pieces at shops.

Inventory:

Hand Weapons
 f - a +1 dagger of venom
 i - a +2 short sword of electrocution (weapon)
 k - a +4 dagger of holy wrath
 t - a +2 rapier of venom
 v - a +0 spear
 w - a +0 giant spiked club
 x - a +2 flail of crushing
 F - a +0 trident
Missiles
 b - 171 stones (quivered)
 y - 6 tomahawks
 G - 6 javelins
Armour
 a - a +0 robe (worn)
 J - a +0 shield
Jewellery
 g - a ring of flight (left hand)
 D - a +2 ring of strength (right hand)
 H - an uncursed amulet of harm {unknown}
Wands
 A - a wand of flame (14)
 E - a wand of iceblast (17)
Scrolls
 d - 4 scrolls of identify {@r1}
 j - 3 scrolls of amnesia
 l - 2 scrolls of immolation {unknown}
 o - 5 scrolls of remove curse {unknown}
 p - 2 scrolls of magic mapping {unknown}
 q - 5 scrolls of teleportation {unknown}
 s - a scroll of fear {unknown}
 u - 2 scrolls of blinking {unknown}
 z - a scroll of fog {unknown}
 I - a scroll of torment {unknown}
Potions
 c - a potion of invisibility {unknown}
 h - a potion of might {unknown}
 m - a potion of curing {unknown}
 n - a potion of flight {unknown}
 r - 3 potions of heal wounds {unknown}
 B - a potion of degeneration {unknown}
 C - 3 potions of agility {unknown}
Comestibles
 e - 8 rations


   Skills:
 + Level 7.7 Fighting
 - Level 4.0 Short Blades
 + Level 3.7 Dodging
 - Level 1.4 Stealth
 - Level 4.0 Spellcasting
 - Level 7.0 Conjurations
 - Level 2.0 Evocations


You had 8 spell levels left.
You knew the following spells:

 Your Spells              Type           Power        Failure   Level  Hunger
a - Magic Dart            Conj           ####         1%          1    None
b - Searing Ray           Conj           ####..       1%          2    ##.....
c - Iskenderun's Mystic   Conj           ####....     8%          4    ####...
d - Freeze                Ice            #...         14%         1    None

Your spell library contained the following spells:

 Spells                   Type           Power        Failure   Level  Hunger
 Dazzling Spray           Conj/Hex       ###...       10%         3    ###....
 Animate Skeleton         Necr           N/A          14%         1    None
 Apportation              Tloc           #.....       14%         1    None
 Confusing Touch          Hex            #.....       14%         1    None
 Summon Small Mammal      Summ           #...         14%         1    None
 Force Lance              Conj/Tloc      ###.....     32%         4    ####...
 Fulminant Prism          Conj/Hex       ###.......   32%         4    ####...


Dungeon Overview and Level Annotations

Branches:
Dungeon (7/15)             Temple (1/1) D:5

Altars:
Ashenzari
Dithmenos
Fedhas
Gozag
Okawaru
Qazlal
Ru
Trog
Vehumet
Wu Jian
Yredelemnul

Shops:
D:5 (   D:6 [


Innate Abilities, Weirdness & Mutations

You are too large for most types of armour.
You have tough skin. (AC +1)


Message History

Confirm with . or Enter, or press ? or * to list all spells.
Aiming: Iskenderun's Mystic Blast (safe; 8% risk of failure)
Press: ? - help, Shift-Dir - straight line, f - quasit
Aim: a quasit (resting)
The orb of energy hits the quasit!
The quasit is almost dead.
The quasit gives a chilling moan.
The orb of energy explodes!
Casting: Iskenderun's Mystic Blast (safe; 8% risk of failure)
Confirm with . or Enter, or press ? or * to list all spells.
Aiming: Iskenderun's Mystic Blast (safe; 8% risk of failure)
Press: ? - help, Shift-Dir - straight line, f/p - quasit
Aim: a quasit (almost dead)
The orb of energy misses the quasit.
Casting: Iskenderun's Mystic Blast (safe; 8% risk of failure)
Confirm with . or Enter, or press ? or * to list all spells.
Aiming: Magic Dart (safe; 1% risk of failure)
Press: ? - help, Shift-Dir - straight line, f/p - quasit
Aim: a quasit (almost dead)
The magic dart hits the quasit but does no damage.
The quasit is almost dead.
Casting: Magic Dart (safe; 1% risk of failure)
Confirm with . or Enter, or press ? or * to list all spells.
Aiming: Searing Ray (safe; 1% risk of failure)
Press: ? - help, Shift-Dir - straight line, f/p - quasit
Aim: a quasit (almost dead)
The searing ray hits the quasit.
You kill the quasit!
Vehumet accepts your kill. (Press . to maintain the ray.) Unknown command.
Eating a chunk of flesh.
You eat the chunk of flesh.
This raw flesh tastes terrible.
A worker ant comes into view.
Unknown command.
A worker ant is nearby!
Casting: Searing Ray (safe; 1% risk of failure)
Confirm with . or Enter, or press ? or * to list all spells.
Aiming: Magic Dart (safe; 1% risk of failure)
Press: ? - help, Shift-Dir - straight line, f - worker ant
Aim: a worker ant (resting)
The magic dart hits the worker ant but does no damage.
The worker ant twitches its antennae in your direction.
Casting: Magic Dart (safe; 1% risk of failure)
Confirm with . or Enter, or press ? or * to list all spells.
Aiming: Iskenderun's Mystic Blast (safe; 8% risk of failure)
Press: ? - help, Shift-Dir - straight line, f/p - worker ant
Aim: a worker ant The orb of energy hits the worker ant!
You kill the worker ant!
Vehumet accepts your kill.
Casting: Iskenderun's Mystic Blast (safe; 8% risk of failure)
Confirm with . or Enter, or press ? or * to list all spells.
You can't see any susceptible monsters within range! (Use Z to cast anyway.)
A yak comes into view. x3
The yak moves out of view.
Casting: Iskenderun's Mystic Blast (safe; 8% risk of failure)
Confirm with . or Enter, or press ? or * to list all spells.
Aiming: Magic Dart (safe; 1% risk of failure)
Press: ? - help, Shift-Dir - straight line, f - yak
Aim: a yak (hasn't noticed you)
The magic dart hits the yak but does no damage.
The yak bellows! x2
A yak comes into view.
Press: ? - help, v - describe, . - travel
Here: a yak The floor.
Casting: Magic Dart (safe; 1% risk of failure)
Confirm with . or Enter, or press ? or * to list all spells.
Aiming: Searing Ray (safe; 1% risk of failure)
Press: ? - help, Shift-Dir - straight line, f/p - yak
Aim: a yak The searing ray hits the yak.
The yak is lightly wounded. (Press . to maintain the ray.)
The searing ray hits the yak.
The yak is moderately wounded.
A yak comes into view.
The searing ray hits the yak.
The yak is moderately wounded.
The searing ray misses the yak.
The searing ray hits the yak!
The yak is moderately wounded.
You finish channeling your searing ray.
The yak bellows!
The yak bellows!
The yak gores you! The yak closely misses you. The yak gores you.
The yak gores you!
You hit the yak but do no damage. Lightning courses through the yak!
The yak is moderately wounded.
The yak gores you but does no damage. The yak completely misses you.
The yak gores you but does no damage. The yak gores you.
You closely miss the yak. The yak gores you. The yak gores you! x2
The yak misses you.
You hit the yak but do no damage. The yak closely misses you.
The yak gores you. The yak closely misses you. The yak gores you!
* * * LOW HITPOINT WARNING * * *
You hit the yak.
The yak is lightly wounded.
The yak completely misses you. The yak gores you!
You die...

#........#
#..........###
#.##..Y..#
#####'######
#........# ###.#
#......###.###...#
#.####.###.......#
...
#....######.#Y#
#.# #.#.....#
#.#Y# #.
#.##.##Y###.#.# .
.. #...Y@Y..#.#
### ####Y#####.#
#Y.Y....#
#########


You could see 5 yaks.

Vanquished Creatures
  Sigmund (D:2)
  A human (D:4)
  A water moccasin (D:6)
  An orc warrior (D:5)
  2 phantoms
  An ogre (D:4)
  A bullfrog (D:6)
  A gnoll sergeant (D:5)
  A howler monkey (D:5)
  2 crimson imps
  A quasit (D:7)
  A centaur skeleton (D:4)
  A jelly (D:5)
  3 hounds
  An orc priest (D:6)
  3 bullfrog skeletons (D:5)
  Jessica (D:2)
  An iguana (D:4)
  An orc wizard (D:6)
  6 worker ants
  A hound zombie (D:6)
  A hound skeleton (D:5)
  A howler monkey zombie (D:6)
  Robin (D:2)
  3 adders
  10 gnolls
  2 shadow imps
  An ooze (D:3)
  An adder skeleton (D:4)
  4 worms
  2 dart slugs
  A leopard gecko (D:4)
  22 orcs
  5 giant cockroaches
  8 hobgoblins
  5 jackals
  2 kobolds
  3 quokkas
  2 ball pythons (D:5)
  6 bats
  5 frilled lizards
  16 goblins
  A goblin skeleton (D:4)
  A jackal skeleton (D:4)
  7 rats
142 creatures vanquished.

Notes
Turn   | Place    | Note
-------+----------+-------------------------------------------
     0 | D:1      | MisterOstroum the Ogre Conjurer began the quest for the
                  | Orb.
     0 | D:1      | Reached XP level 1. HP: 16/16 MP: 3/3
   321 | D:1      | Reached XP level 2. HP: 24/24 MP: 1/5
   456 | D:1      | Learned a level 2 spell: Searing Ray
  1254 | D:1      | Reached XP level 3. HP: 31/31 MP: 4/6
  1874 | D:2      | Noticed Robin
  1945 | D:2      | Killed Robin
  2231 | D:2      | Reached skill level 5 in Conjurations
  2231 | D:2      | Reached XP level 4. HP: 39/39 MP: 2/7
  2299 | D:2      | Learned a level 4 spell: Iskenderun's Mystic Blast
  2326 | D:2      | Noticed Sigmund
  2528 | D:3      | Reached skill level 1 in Fighting
  3310 | D:4      | Reached XP level 5. HP: 44/53 MP: 3/8
  3671 | D:2      | Killed Sigmund
  3671 | D:2      | Reached XP level 6. HP: 42/67 MP: 1/9
  4079 | D:2      | Noticed Jessica
  4082 | D:2      | Killed Jessica
  4082 | D:2      | Reached skill level 1 in Short Blades
  4194 | D:2      | Found a stormy altar of Qazlal.
  5134 | D:4      | Reached XP level 7. HP: 17/75 MP: 11/11
  5506 | D:4      | Found a runed translucent door.
  5506 | D:4      | Noticed a human
  5523 | D:4      | Found a basalt altar of Yredelemnul.
  5577 | D:4      | Killed a human
  6256 | D:5      | Entered Level 5 of the Dungeon
  6396 | D:5      | Found a staircase to the Ecumenical Temple.
  6405 | Temple   | Entered the Ecumenical Temple
  6435 | Temple   | Became a worshipper of Vehumet
  6480 | D:5      | Found a shattered altar of Ashenzari.
  6527 | D:5      | Reached XP level 8. HP: 57/83 MP: 3/14
  7581 | D:5      | Found Setaoguet's Weapon Boutique.
  7674 | D:5      | Reached * piety under Vehumet
  7674 | D:5      | Offered knowledge of Freeze by Vehumet.
  7777 | D:5      | Found an iron altar of Okawaru.
  7860 | D:5      | Reached skill level 1 in Evocations
  8068 | D:6      | Found a shadowy altar of Dithmenos.
  8068 | D:6      | Found a sacrificial altar of Ru.
  8073 | D:6      | Found an opulent altar of Gozag.
  8110 | D:6      | Learned a level 1 spell: Freeze
  8740 | D:6      | Reached XP level 9. HP: 93/93 MP: 0/15
  9023 | D:6      | Found Lenwe Duimi's Antique Armour Emporium.
  9027 | D:6      | Bought a shield for 117 gold pieces
  9474 | D:7      | Slain by a yak

Skill      XL: |  1  2  3  4  5  6  7  8 |
---------------+-------------------------+-----
Conjurations   | 4 5 7 |  7.0
Fighting       | 3 6 7 |  7.7
Short Blades   | 2 3 4 |  4.0
Spellcasting   | 3 4 |  4.0
Dodging        | 3 |  3.7
Evocations     | 2 |  2.0
Stealth        | |  1.4

Action                   |  1- 3 |  4- 6 |  7- 9 || total
-------------------------+-------+-------+-------++-------
Melee: Whip              |     7 |       |       ||     7
       Dagger            |    18 |    44 |    91 ||   153
       Rapier            |       |     4 |       ||     4
       Giant spiked club |       |       |     5 ||     5
       Short sword       |       |       |    30 ||    30
       Spear             |       |       |     1 ||     1
Throw: Stone             |     1 |     4 |     1 ||     6
 Cast: Magic Dart        |    67 |    56 |    60 ||   183
       Searing Ray       |     4 |    11 |    14 ||    29
       Iskenderun's Myst |       |     2 |    36 ||    38
  Use: Scroll            |       |     2 |     1 ||     3
 Stab: Sleeping          |     1 |     1 |       ||     2
  Eat: Chunk             |     5 |    10 |    18 ||    33
       Ration            |       |       |     1 ||     1
Armor: Robe              |     3 |    13 |    29 ||    45
Dodge: Dodged            |    16 |    19 |    58 ||    93
